 Dungeon Crawl Stone Soup version 0.29-a0-542-g075992c915 (webtiles) character file.

Game seed: 7921141288952928983

23 testman the Gusty (level 3, -4/29 HPs)
             Began as a Meteoran Wanderer on June 2, 2022.
             Was a Follower of Qazlal.
             Slain by a gnoll
             ... wielding a +0 club
              (8 damage)
             ... on level 1 of the Dungeon on June 4, 2022.
             The game lasted 00:04:34 (691 turns).

testman the Gusty (Meteoran Wanderer)                Turns: 691, Time: 00:04:35

Health: -4/29      AC:  3    Str: 15    XL:     3   Next: 29%
Magic:  4/6        EV: 12    Int: 15    God:    Qazlal [*.....]
Gold:   61         SH:  2    Dex: 12    Spells: 3/4 levels left

rFire   . . .      SeeInvis .   a - +2 mace
rCold   . . .      Faith    .   (no shield)
rNeg    . . .      Spirit   .   d - +0 robe
rPois   .          Reflect  .   (no helmet)
rElec   .          Harm     .   (no cloak)
rCorr   .          Rampage  .   (no gloves)
Will    .....                   b - +0 pair of boots
Stlth   +.........              (no amulet)
HPRegen 0.09/turn               (no ring)
MPRegen 0.10/turn               (no ring)

@: glowing
A: sense surroundings 1, otherworldly, glowing, explore regen
a: Renounce Religion


You were on level 1 of the Dungeon.
You worshipped Qazlal.
Qazlal was aware of your devotion.
You visited 1 branch of the dungeon, and saw 2 of its levels.

You collected 61 gold pieces.

Inventory:

Hand Weapons
 a - a +2 mace (weapon)
Armour
 b - a +0 pair of boots (worn)
 d - a +0 robe (worn)
Scrolls
 c - a scroll of silence
 f - 2 scrolls of amnesia {unknown}
 h - a scroll of identify {unknown}
 i - a scroll of summoning {unknown}
Potions
 e - 2 potions of curing {unknown}
 g - 2 potions of flight {unknown}


   Skills:
 + Level 2.1 Fighting
 + Level 3.5 Maces & Flails
 - Level 2.4 Dodging
 - Level 1.0 Stealth
 - Level 1.3 Spellcasting
 - Level 1.0 Conjurations
 - Level 3.6 Air Magic


You had 3 spell levels left.
You knew the following spells:

 Your Spells              Type           Power      Damage    Failure   Level
a - Shock                 Conj/Air       28%        1d4       10%         1

Your spell library contained the following spells:

 Spells                   Type           Power      Damage    Failure   Level
 Swiftness                Air            11%        N/A       16%         3


Dungeon Overview and Level Annotations

Branches:
Dungeon (2/15)

Altars:
Qazlal


Innate Abilities, Weirdness & Mutations

You passively map a small area around you.
You are easily found by Zot.
You glow in the dark.
You regain HP and MP as you explore.


Message History

Things that are here:
a +0 dagger; a kobold corpse; a giant cockroach corpse
There is a stone staircase leading down here.
You start resting.
Magic restored.
You start resting.
HP restored.
You climb downwards.
The gnoll shouts!
The rat bites you. The rat bites you but does no damage.
The gnoll hits you with a +0 club.
There is a stone staircase leading up here.
Aiming: Shock (safe; 10% risk of failure)
Press: ? - help, Q - select action Shift-Dir - straight line, f - gnoll
Aim: a gnoll, wielding a +0 halberd (72% to hit)
The zap misses the gnoll.
The zap hits the gnoll but does no damage.
The rat closely misses you.
You barely miss the rat. The rat completely misses you.
The gnoll hits you with a +0 club.
The gnoll hits you from afar with a +0 halberd!
The rat is engulfed in blazing flames.
You kill the rat!
Qazlal accepts your kill. The gnoll hits you with a +0 club.
The gnoll hits you from afar with a +0 halberd!
* * * LOW HITPOINT WARNING * * *
You climb upwards.
There is a stone staircase leading down here.
The gnoll attacks as you move away! You block the gnoll's attack.
Things that are here:
a +0 dagger; a kobold skeleton
Aiming: Shock (safe; 10% risk of failure)
Press: ? - help, Q - select action Shift-Dir - straight line The zap hits the gnoll.
The gnoll is moderately wounded.
The zap hits the gnoll.
The gnoll is heavily wounded.
The gnoll hits you with a +0 club!
You die...

*
#############
............#
*
###########>#
, * #g# ** **
#@# ,,
#.#####.# *
,........#
,..####..#
#..# *
#.(#########
#..........#
#..#######.#
#.## #.#


You could see a gnoll.

Vanquished Creatures
  A dart slug (D:1)
  An endoplasm (D:1)
  A giant cockroach (D:1)
  3 goblins (D:1)
  2 hobgoblins (D:1)
  3 quokkas (D:1)
  A ball python (D:1)
  A frilled lizard (D:1)
  2 kobolds (D:1)
  5 rats
20 creatures vanquished.

Notes
Turn   | Place    | Note
-------+----------+-------------------------------------------
     0 | D:1      | testman the Meteoran Wanderer began the quest for the Orb.
     0 | D:1      | testman set off with the following items: a +2 mace, a +0
                  | pair of boots, a scroll of silence, a +0 robe; and the
                  | following spell memorised: Shock; and the following spells
                  | available to memorise: Swiftness
     0 | D:1      | Reached XP level 1. HP: 16/16 MP: 3/3
    59 | D:1      | Reached XP level 2. HP: 18/23 MP: 0/5
    62 | D:1      | Reached skill level 1 in Conjurations
    64 | D:1      | Upgraded the game from 0.29-a0-541-gaf1fc19f1b to
                  | 0.29-a0-542-g075992c915
    87 | D:1      | Found a faded altar of an unknown god.
   115 | D:1      | Prayed at the altar of an unknown god.
   115 | D:1      | Became a worshipper of Qazlal Stormbringer
   115 | D:1      | Reached * piety under Qazlal
   316 | D:1      | Reached XP level 3. HP: 26/29 MP: 6/6
   691 | D:1      | Slain by a gnoll

Illustrated notes

Levels and vault maps discovered:
D:1:      elethiomel_arrival_maze, layout_loops_ring, basic_ecumenical_altar,
          minmay_pentomino_w4
D:2:      layout_rooms, uniq_robin

Skill      XL: |  1  2  3 |
---------------+----------+-----
Maces & Flails | 3 |  3.5
Conjurations   | 1 |  1.0
Fighting       | 2 |  2.1
Dodging        | |  2.4
Stealth        | |  1.0
Spellcasting   | |  1.3
Air Magic      | |  3.6

Action                   || total
-------------------------++-------
Melee: Mace              ||    30
 Cast: Shock             ||    10
Armor: Robe              ||    13
Dodge: Dodged            ||    25
Block: Other             ||     2

Table legend: (Time is in decaauts)
 A = Elapsed time spent in this place.
 B = Non-inter-level travel time spent in this place.
 C = Inter-level travel time spent in this place.
 D = Time resting spent in this place.
 E = Time spent auto-exploring this place.
 F = Levels seen in this place.
 G = Mean time per level.
                   A        B        C        D        E       F      G
               +--------+--------+--------+--------+--------+-----+--------+
         Total |    699 |    652 |     47 |    243 |    284 |   2 |  349.5 |
       Dungeon |    699 |    652 |     47 |    243 |    284 |   2 |  349.5 |
               +--------+--------+--------+--------+--------+-----+--------+

Top non-repeatable levels by time:
     D:1: 686 daAuts
     D:2: 13 daAuts
